 Dungeon Crawl Stone Soup version 0.26-a0-631-ged93497179 (webtiles) character file.

Game seed: 13800725961656602734

1114 Drevant2 the Slicer (level 8, -10/58 HPs)
             Began as a Gnoll Wanderer on Sept 13, 2020.
             Was a Believer of Nemelex Xobeh.
             Killed from afar by an orc (14 damage)
             ... with a puff of flame
             ... on level 7 of the Dungeon.
             The game lasted 00:19:14 (9208 turns).

Drevant2 the Slicer (Gnoll Wanderer)                Turns: 9208, Time: 00:19:15

Health: -10/58     AC:  9    Str: 14    XL:     8   Next: 34%
Magic:  14/14      EV: 11    Int: 16    God:    Nemelex Xobeh [**....]
Gold:   299        SH:  0    Dex: 22    Spells: 14/15 levels left

rFire    . . .     SeeInvis .   s - +0 short sword (flame)
rCold    . . .     Faith    .   (no shield)
rNeg     . . .     Spirit   .   g - +0 scale mail
rPois    .         Reflect  .   p - +0 helmet
rElec    .         Harm     .   b - +0 cloak
rCorr    .         Rampage  .   (no gloves)
MR       .....                  (no boots)
Stlth    +++.......             (no amulet)
HPRegen  0.19/turn              m - +6 ring of dexterity
MPRegen  0.14/turn              n - ring of stealth

@: no status effects
A: distributed training, fangs 1, strong nose
a: Draw Escape, Draw Destruction, Draw Summoning, Renounce Religion


You were on level 7 of the Dungeon.
You worshipped Nemelex Xobeh.
Nemelex Xobeh was pleased with you.
You visited 1 branch of the dungeon, and saw 7 of its levels.

You collected 299 gold pieces.

Inventory:

Hand Weapons
 a - a +0 dagger
 f - a +0 mace
 o - a +0 short sword
 s - a +0 short sword of flaming (weapon)
 G - a +1 short sword of protection
Armour
 b - a +0 cloak (worn)
 d - a +0 robe
 g - a +0 scale mail (worn)
 p - a +0 helmet (worn)
 w - a +0 ring mail
Jewellery
 m - a +6 ring of dexterity (left hand)
 n - a ring of stealth (right hand)
 P - a cursed ring of teleportation {unknown}
Wands
 x - a wand of acid (3)
 I - a wand of digging (5)
 L - a wand of iceblast (7)
Scrolls
 q - 2 scrolls of enchant armour {unknown}
 r - 5 scrolls of enchant weapon {unknown}
 u - 4 scrolls of remove curse
 v - 3 scrolls of magic mapping {unknown}
 y - a scroll of teleportation
 D - 2 scrolls of amnesia {unknown}
 E - 2 scrolls of blinking {unknown}
 J - a scroll of brand weapon {unknown}
 K - a scroll of fog {unknown}
 M - a scroll of fear {unknown}
 N - a scroll of identify
 O - a scroll of random uselessness {unknown}
Potions
 c - 2 potions of heal wounds
 h - a potion of brilliance {unknown}
 i - 7 potions of curing
 j - a potion of stabbing
 k - 3 potions of magic
 l - 3 potions of lignification {unknown}
 t - a potion of invisibility
 z - 2 potions of flight
 A - 2 potions of might
 B - a potion of haste {unknown}
 C - a potion of berserk rage {unknown}
 F - 2 potions of cancellation {unknown}
 H - a potion of mutation {unknown}
Miscellaneous
 e - a phantom mirror


   Skills:
 + Level 3.2 Fighting
 + Level 9.1 Short Blades
 + Level 3.2 Long Blades
 + Level 3.2 Axes
 + Level 3.2 Maces & Flails
 + Level 3.2 Polearms
 + Level 3.2 Staves
 + Level 3.2 Slings
 + Level 3.2 Bows
 + Level 3.2 Crossbows
 + Level 3.2 Throwing
 + Level 3.2 Armour
 + Level 3.2 Dodging
 + Level 5.3 Stealth
 + Level 3.2 Shields
 + Level 3.2 Unarmed Combat
 + Level 4.3 Spellcasting
 + Level 2.6 Conjurations
 + Level 2.6 Hexes
 + Level 2.6 Summonings
 + Level 4.6 Necromancy
 + Level 2.6 Translocations
 + Level 2.6 Transmutations
 + Level 2.6 Fire Magic
 + Level 2.6 Ice Magic
 + Level 2.6 Air Magic
 + Level 2.6 Earth Magic
 + Level 2.6 Poison Magic
 + Level 3.5 Invocations
 + Level 4.1 Evocations


You had 14 spell levels left.
You knew the following spells:

 Your Spells              Type           Power        Failure   Level
a - Magic Dart            Conj           ##..         22%         1

Your spell library contained the following spells:

 Spells                   Type           Power        Failure   Level
 Shock                    Conj/Air       ##..         22%         1
 Swiftness                Air            ##......     34%         2
 Conjure Flame            Conj/Fire      ##......     56%         3
 Static Discharge         Conj/Air       ##......     56%         3
 Airstrike                Air            ##........   92%         4
 Lightning Bolt           Conj/Air       ##........   99%         5


Dungeon Overview and Level Annotations

Branches:
Dungeon (7/15)             Temple (0/1) D:4

Altars:
Nemelex Xobeh
Okawaru
Trog

Annotations:
D:3 1 runed translucent door, Crazy Yiuf
D:7 Joseph


Innate Abilities, Weirdness & Mutations

Your experience applies equally to all skills.
You have very sharp teeth.
Your uncanny sense of smell can sniff out nearby items.


Message History

The puff of flame hits you!
An iguana comes into view.
The orc hits you with a +0 flail!
* * * LOW HITPOINT WARNING * * *
Things that are here:
a +0 war axe; a +0 leather armour; an orc corpse The orc hits you but does no damage.
You see here 19 gold pieces.
You hit the orc. You burn the orc.
The orc is moderately wounded.
The orc barely misses you.
You hit the orc but do no damage.
The orc is moderately wounded.
You hit the orc. You burn the orc.
You kill the orc!
The orc zaps a wand.
The puff of flame hits you!
* * * LOW HITPOINT WARNING * * *
The orc zaps a wand.
The puff of flame hits you!
You die...
Your body glows slightly and disappears.

#.# #.. #.# ...
#.# #l# ∆ #.# #.#
#.# #.# #.# #.#
#.# #.#
#.##############)#
#.........(...@o.#
##################


You could see an orc.

Vanquished Creatures
  Eustachio (D:6)
  2 black bears
  A bullfrog (D:6)
  2 howler monkeys (D:7)
  2 hounds
  4 orc priests
  Jessica (D:2)
  3 orc wizards
  A worker ant (D:6)
  Ijyb (D:5)
  A hound skeleton (D:6)
  Robin (D:2)
  8 gnolls
  4 adders
  A shadow imp (D:5)
  An ufetubus (D:5)
  An adder skeleton (D:5)
  3 worms
  A dart slug (D:3)
  4 leopard geckos
  15 orcs
  6 giant cockroaches
  14 goblins
  13 hobgoblins
  A jackal (D:5)
  6 quokkas
  A ball python (D:3)
  A ball python skeleton (D:4)
  4 bats
  2 frilled lizards
  24 kobolds
  2 leopard gecko skeletons
  9 rats
141 creatures vanquished.

Vanquished Creatures (others)
  23 plants
23 creatures vanquished.

Grand Total: 164 creatures vanquished

Notes
Turn   | Place    | Note
-------+----------+-------------------------------------------
     0 | D:1      | Drevant2 the Gnoll Wanderer began the quest for the Orb.
     0 | D:1      | Drevant2 set off with the following items: a +0 dagger, a
                  | scroll of teleportation, a +0 robe, a phantom mirror; and
                  | the following spell memorised: Magic Dart; and the
                  | following spells available to memorise: Conjure Flame
     0 | D:1      | Reached XP level 1. HP: 13/13 MP: 4/4
   436 | D:1      | Reached XP level 2. HP: 17/19 MP: 5/5
  1749 | D:2      | Noticed Robin
  1764 | D:2      | Reached XP level 3. HP: 23/25 MP: 7/7
  2310 | D:2      | Noticed Jessica
  2315 | D:2      | Reached skill level 1 in Invocations
  2318 | D:2      | Killed Jessica
  2318 | D:2      | Reached skill level 1 in Fighting
  2318 | D:2      | Reached skill level 1 in Long Blades
  2318 | D:2      | Reached skill level 1 in Axes
  2318 | D:2      | Reached skill level 1 in Maces & Flails
  2318 | D:2      | Reached skill level 1 in Polearms
  2318 | D:2      | Reached skill level 1 in Staves
  2318 | D:2      | Reached skill level 1 in Slings
  2318 | D:2      | Reached skill level 1 in Bows
  2318 | D:2      | Reached skill level 1 in Crossbows
  2318 | D:2      | Reached skill level 1 in Throwing
  2318 | D:2      | Reached skill level 1 in Armour
  2318 | D:2      | Reached skill level 1 in Dodging
  2318 | D:2      | Reached skill level 1 in Shields
  2318 | D:2      | Reached skill level 1 in Unarmed Combat
  2318 | D:2      | Reached XP level 4. HP: 32/32 MP: 8/8
  2853 | D:2      | Killed Robin
  2998 | D:2      | Reached skill level 1 in Conjurations
  2998 | D:2      | Reached skill level 1 in Hexes
  2998 | D:2      | Reached skill level 1 in Summonings
  2998 | D:2      | Reached skill level 1 in Translocations
  2998 | D:2      | Reached skill level 1 in Transmutations
  2998 | D:2      | Reached skill level 1 in Fire Magic
  2998 | D:2      | Reached skill level 1 in Ice Magic
  2998 | D:2      | Reached skill level 1 in Air Magic
  2998 | D:2      | Reached skill level 1 in Earth Magic
  2998 | D:2      | Reached skill level 1 in Poison Magic
  3729 | D:2      | Reached XP level 5. HP: 30/37 MP: 9/9
  3941 | D:3      | Found a runed translucent door.
  3942 | D:3      | Noticed Crazy Yiuf
  5034 | D:3      | Found a faded altar of an unknown god.
  5039 | D:3      | Found a sparkling altar of Nemelex Xobeh.
  5055 | D:3      | Became a worshipper of Nemelex Xobeh the Trickster
  5382 | D:4      | Received a gift from Nemelex Xobeh
  5411 | D:3      | Reached XP level 6. HP: 31/44 MP: 9/11
  5536 | D:4      | Found a staircase to the Ecumenical Temple.
  6213 | D:4      | Reached * piety under Nemelex Xobeh
  6213 | D:4      | Received a gift from Nemelex Xobeh
  6598 | D:5      | Entered Level 5 of the Dungeon
  6895 | D:5      | Noticed Ijyb
  6936 | D:5      | Killed Ijyb
  6962 | D:5      | Found an iron altar of Okawaru.
  6996 | D:5      | Noticed Sigmund
  7002 | D:5      | Noticed Sigmund
  7002 | D:5      | Sigmund changed into Sigmund the jackal
  7004 | D:5      | Killed Sigmund the jackal
  7061 | D:5      | Reached XP level 7. HP: 46/50 MP: 12/12
  7846 | D:6      | Reached ** piety under Nemelex Xobeh
  7883 | D:6      | Noticed Eustachio
  7900 | D:6      | Killed Eustachio
  8194 | D:6      | Reached skill level 9 in Short Blades
  8194 | D:6      | Reached skill level 5 in Stealth
  8412 | D:6      | Found a bloodstained altar of Trog.
  8443 | D:6      | Reached XP level 8. HP: 55/57 MP: 14/14
  8845 | D:7      | Noticed Joseph
  9208 | D:7      | Killed from afar by an orc

Illustrated notes

Levels and vault maps discovered:
D:1:      sevenhm_arrival_forest_fort_large_3, layout_basic
D:2:      layout_basic, serial_forest, infiniplex_forest_clump_medium,
          infiniplex_forest_clump_cross, infiniplex_forest_diagonal,
          infiniplex_forest_clump_cross, infiniplex_forest_lined_2,
          infiniplex_forest_end_3, infiniplex_forest_end_double,
          infiniplex_forest_clump_medium, infiniplex_forest_straight_2,
          st_stairs_11, uniq_robin, uniq_jessica
D:3:      cheibrodos_helix_gallery, layout_loops_ring,
          nemelex_xobeh_ov_fountains_minmay, chequers_ecumenical_altar_simple,
          uniq_crazy_yiuf_cottage
D:4:      corexii_shantytown, layout_basic, minmay_temple_entry_tees
D:5:      layout_layer_cave, basic_altar, uniq_ijyb, uniq_sigmund
D:6:      layout_cave_pools, kennysheep_minor_cross, nrook_campfire,
          trog_ov_bears_minmay, uniq_eustachio
D:7:      layout_loops_ring, biasface_ghost_orc_armoury,
          chequers_serial_rivers_marsh, nicolae_water_bricks,
          kennysheep_flooded_box, serial_bayou_lagoon_b, uniq_joseph

Skill      XL: |  1  2  3  4  5  6  7  8 |
---------------+-------------------------+-----
Invocations    | 1 2 3 |  3.5
Fighting       | 1 2 3 |  3.2
Long Blades    | 1 2 3 |  3.2
Axes           | 1 2 3 |  3.2
Maces & Flails | 1 2 3 |  3.2
Polearms       | 1 2 3 |  3.2
Staves         | 1 2 3 |  3.2
Slings         | 1 2 3 |  3.2
Bows           | 1 2 3 |  3.2
Crossbows      | 1 2 3 |  3.2
Throwing       | 1 2 3 |  3.2
Armour         | 1 2 3 |  3.2
Dodging        | 1 2 3 |  3.2
Shields        | 1 2 3 |  3.2
Unarmed Combat | 1 2 3 |  3.2
Spellcasting   | 3 4 |  4.3
Conjurations   | 1 2 |  2.6
Hexes          | 1 2 |  2.6
Summonings     | 1 2 |  2.6
Translocations | 1 2 |  2.6
Transmutations | 1 2 |  2.6
Fire Magic     | 1 2 |  2.6
Ice Magic      | 1 2 |  2.6
Air Magic      | 1 2 |  2.6
Earth Magic    | 1 2 |  2.6
Poison Magic   | 1 2 |  2.6
Evocations     | 3 4 |  4.1
Necromancy     | 4 |  4.6
Short Blades   | 9 |  9.1
Stealth        | 5 |  5.3

Action                   |  1- 3 |  4- 6 |  7- 9 || total
-------------------------+-------+-------+-------++-------
Melee: Dagger            |    45 |       |       ||    45
       Bite              |    12 |    45 |    22 ||    79
       Short sword       |    59 |   352 |   138 ||   549
       Punch             |       |     2 |     4 ||     6
 Cast: Magic Dart        |    23 |       |       ||    23
Invok: Draw Destruction  |       |     4 |       ||     4
  Use: Scroll            |       |     8 |     1 ||     9
       Potion            |       |     3 |     2 ||     5
 Stab: Sleeping          |     6 |    10 |       ||    16
       Invisible         |       |     2 |       ||     2
       Distracted        |       |       |     1 ||     1
Armor: Robe              |    15 |     6 |       ||    21
       Ring mail         |       |    38 |       ||    38
       Scale mail        |       |    41 |    90 ||   131
       Chain mail        |       |     6 |       ||     6
Dodge: Dodged            |    35 |   132 |    82 ||   249

Table legend: (Time is in decaauts)
 A = Elapsed time spent in this place.
 B = Non-inter-level travel time spent in this place.
 C = Inter-level travel time spent in this place.
 D = Time resting spent in this place.
 E = Time spent auto-exploring this place.
 F = Levels seen in this place.
 G = Mean time per level.
                   A        B        C        D        E       F      G
               +--------+--------+--------+--------+--------+-----+--------+
         Total |   9005 |   8624 |    381 |   2949 |   4442 |   7 | 1286.4 |
       Dungeon |   9005 |   8624 |    381 |   2949 |   4442 |   7 | 1286.4 |
               +--------+--------+--------+--------+--------+-----+--------+

Top non-repeatable levels by time:
     D:2: 1966 daAuts
     D:1: 1819 daAuts
     D:3: 1639 daAuts
     D:5: 1213 daAuts
     D:6: 1194 daAuts
     D:4: 1047 daAuts
     D:7: 124 daAuts
